 Dungeon Crawl Stone Soup version 0.31-a0-1002-g8e65716e6e (webtiles) character file.

Game seed: 17358191129296088175

291 CrazyBamboolord the Changeling (level 6, -11/38 HPs)
             Began as an Octopode Shapeshifter on Nov 9, 2023.
             Mangled by an ogre
             ... wielding a +0 giant club
              (27 damage)
             ... on level 4 of the Dungeon.
             The game lasted 00:07:33 (1922 turns).

CrazyBamboolord the Changeling (OpSh)               Turns: 1922, Time: 00:07:33

Health: -11/38     AC:  1    Str: 15    XL:     6   Next: 32%
Magic:  6/6        EV: 13    Int: 18    God:
Gold:   215        SH:  0    Dex: 12    Spells: 5/5 levels left

rFire   . .          .
                       - Unarmed
rCold   . . .        (no shield)
rNeg    . . .        (helmet currently unavailable)
rPois   .            (no amulet)
rElec   .            m - +6 ring of intelligence
rCorr   .            (no ring)
SInv    .            (no ring)
Will    .....        (no ring)
Stlth   ++++         (no ring)
HPRegen 0.26/turn    (no ring)
MPRegen 0.10/turn    (no ring)
                     (no ring)

%: no passive effects
@: beast-form
A: beast (slay +3), almost no armour, amphibious, 8 rings, camouflage 1,
gelatinous body 1, (nimble swimmer 1), tentacles
a: Begin Untransformation


You were on level 4 of the Dungeon.
You were a hulking beast.
You visited 1 branch of the dungeon, and saw 4 of its levels.
You also visited: Sewer.

You collected 215 gold pieces.

Inventory:

Missiles
 e - 4 curare-tipped darts
Jewellery
 l - an amulet of faith
 m - a +6 ring of intelligence (left tentacle)
Talismans
 b - a beast talisman
 c - a flux talisman
Scrolls
 f - a scroll of enchant armour
 g - a scroll of noise {unknown}
 h - a scroll of vulnerability {unknown}
 i - a scroll of immolation {unknown}
 j - a scroll of teleportation {unknown}
 k - 3 scrolls of amnesia {unknown}
 n - 2 scrolls of identify {unknown}
 o - a scroll of blinking {unknown}
 p - a scroll of fog {unknown}
 r - a scroll of enchant weapon {unknown}
Potions
 a - a potion of lignification
 d - a potion of attraction {unknown}
 q - a potion of brilliance {unknown}


   Skills:
 - Level 1.0 Fighting
 - Level 2.0 Dodging
 + Level 4.8 Stealth
 - Level 3.0 Unarmed Combat
 * Level 5.5 Shapeshifting


You had 5 spell levels left.
You didn't know any spells.
Your spell library contained the following spells:

 Spells                   Type           Power      Damage    Failure   Level
 Summon Lightning Spire   Summ/Air       0%         N/A       91%         4
 Lee's Rapid Deconstruct  Erth           0%         3d4*      99%         5
 Simulacrum               Ice/Necr       0%         N/A       100%        6
 Ozocubu's Refrigeration  Ice            0%         4d7       100%        7
 Polar Vortex             Ice            0%         N/A       100%        9
 Animate Armour           Summ/Erth      Unusable   N/A       N/A         4

Dungeon Overview and Level Annotations

Branches:
Dungeon (4/15)              Sewer (visited)
 Temple: D:4-7

Altars:


Innate Abilities, Weirdness & Mutations

You are a hulking beast.
Your limbs bulge with bestial killing power. (Slay +3)
You cannot wear most types of armour.
You are amphibious.
You can wear up to eight rings at the same time.
Your skin changes colour to match your surroundings (Stealth+).
Your rubbery body absorbs attacks. (AC +1, EV +1)
((You are camouflaged when in or above water. (Stealth+)))
You have tentacles for arms and can constrict up to eight enemies at once.


Message History

HP restored.
You climb downwards.
There is a stone staircase leading up, spattered with blood here.
You tentacle-slap the sleepcap. You grab the sleepcap.
The sleepcap is moderately damaged.
You constrict the sleepcap, but do no damage.
The sleepcap releases spores at you.
You tentacle-slap the sleepcap.
The sleepcap is moderately damaged.
You constrict the sleepcap, but do no damage.
The sleepcap closely misses you.
You bludgeon the sleepcap! You squeeze the sleepcap!
The sleepcap is almost destroyed.
You constrict the sleepcap. The sleepcap barely misses you.
You completely miss the sleepcap.
The sleepcap is almost destroyed.
You constrict the sleepcap. The sleepcap barely misses you.
You tentacle-slap the sleepcap.
You destroy the sleepcap!
No target in view!
HP restored.
An ogre comes into view. It is wielding a +0 giant club.
An ogre is nearby!
The helpless ogre fails to defend itself.
You bludgeon the ogre!
The ogre is moderately wounded.
The ogre completely misses you.
You barely miss the ogre.
The ogre is moderately wounded.
You tentacle-slap the ogre.
The ogre is moderately wounded.
The ogre hits you with a +0 giant club!!
Ouch! That really hurt!
You are too injured to fight recklessly!
You are too injured to fight recklessly!
You tentacle-slap the ogre. Your squeeze misses the ogre.
The ogre is heavily wounded.
The ogre hits you with a +0 giant club!!
Ouch! That really hurt!
You die...

#..# #..# #..#
#..# #..# #..# .#
#.O#
.###############h#
.................#
..######.#####.#.#
..# #...#
#........ ..#
#.#########.#####
..####.#.........#
.......#.#########
.........#
##########


You could see an ogre.

Vanquished Creatures
  A water moccasin (Sewer)
  An ogre (D:4)
  2 sleepcaps (D:4)
  A worm (D:3)
  4 endoplasms
  3 giant cockroaches
  2 goblins
  4 hobgoblins
  A jackal (Sewer)
  6 quokkas (D:3)
  5 ball pythons
  3 bats
  2 frilled lizards (D:2)
  4 kobolds
  A rat (D:3)
40 creatures vanquished.

Notes
Turn   | Place    | Note
-------+----------+-------------------------------------------
     0 | D:1      | CrazyBamboolord the Octopode Shapeshifter began the quest
                  | for the Orb.
     0 | D:1      | Reached XP level 1. HP: 13/13 MP: 1/1
   531 | D:2      | Reached skill level 1 in Stealth
   531 | D:2      | Reached XP level 2. HP: 18/18 MP: 2/2
  1051 | D:3      | Reached XP level 3. HP: 23/23 MP: 3/3
  1053 | D:3      | Found a glowing drain.
  1071 | Sewer    | Entered a sewer
  1129 | Sewer    | Noticed a water moccasin
  1143 | Sewer    | Killed a water moccasin
  1144 | Sewer    | Reached skill level 4 in Shapeshifting
  1144 | Sewer    | Reached XP level 4. HP: 28/28 MP: 4/4
  1144 | Sewer    | Reached XP level 5. HP: 33/33 MP: 5/5
  1569 | D:4      | Noticed an ogre
  1574 | D:4      | Killed an ogre
  1575 | D:4      | Reached skill level 5 in Shapeshifting
  1575 | D:4      | Reached XP level 6. HP: 15/38 MP: 6/6
  1922 | D:4      | Mangled by an ogre

Illustrated notes

Levels and vault maps discovered:
D:1:      dpeg_arrival_stonehenge_8_columns, layout_rooms,
          chequers_serial_rivers_marsh
D:2:      layout_basic, minmay_misc_feat_ornament
D:3:      layout_rooms, portal_sewer_entry_f
D:4:      layout_loops_ring, gammafunk_ghost_necromancy

Skill      XL: |  1  2  3  4  5 |
---------------+----------------+-----
Stealth        | 1 3 4 |  4.8
Shapeshifting  | 4 5 |  5.5
Fighting       | |  1.0
Dodging        | |  2.0
Unarmed Combat | |  3.0

Action                     |  1- 3 |  4- 6 || total
---------------------------+-------+-------++-------
  Melee: Unarmed           |    57 |    32 ||    89
         Tentacles         |    11 |     9 ||    20
         Constrict         |    11 |     8 ||    19
         Punch             |     1 |     1 ||     2
    Use: Scroll            |     2 |       ||     2
         Potion            |     1 |       ||     1
   Stab: Sleeping          |     4 |     4 ||     8
 Armour: Skin              |    17 |     8 ||    25
  Dodge: Dodged            |    26 |    11 ||    37

Table legend: (Time is in decaauts)
 A = Elapsed time spent in this place.
 B = Non-inter-level travel time spent in this place.
 C = Inter-level travel time spent in this place.
 D = Time resting spent in this place.
 E = Time spent auto-exploring this place.
 F = Levels seen in this place.
 G = Mean time per level.
                   A        B        C        D        E       F      G
               +--------+--------+--------+--------+--------+-----+--------+
         Total |   1916 |   1794 |    122 |    169 |   1204 |   5 |  383.2 |
       Dungeon |   1733 |   1611 |    122 |    124 |   1126 |   4 |  433.2 |
         Sewer |    182 |    182 |      0 |     45 |     78 |   1 |  182.0 |
               +--------+--------+--------+--------+--------+-----+--------+

Top non-repeatable levels by time:
     D:2: 541 daAuts
     D:1: 449 daAuts
     D:3: 428 daAuts
     D:4: 313 daAuts
   Sewer: 182 daAuts
